 Dungeon Crawl Stone Soup version 0.25-a0-479-g8579842fd4 (webtiles) character file.

Game seed: 17875977002739755681, levelgen mode: deterministic

8778 Error4North the Cleaver (level 11, -3/93 HPs)
             Began as a Hill Orc Fighter on Feb 9, 2020.
             Was a High Priest of Okawaru.
             Slain by an orc warrior
             ... wielding a +0 trident
              (24 damage)
             ... on level 10 of the Dungeon on Feb 10, 2020.
             The game lasted 00:33:07 (9422 turns).

Error4North the Cleaver (Hill Orc Fighter)          Turns: 9422, Time: 00:33:07

Health: -3/93      AC: 21    Str: 20 (23) XL:     11   Next: 36%
Magic:  14/14      EV: 13    Int: 11 (13) God:    Okawaru [*****.]
Gold:   380        SH: 20    Dex:  8 (10) Spells: 10/10 levels left

rFire    . . .     SeeInvis .   a - +0 war axe
rCold    . . .     Gourm    .   u - +0 large shield
rNeg     . . .     Faith    .   d - +0 plate armour
rPois    .         Spirit   .   (no helmet)
rElec    .         Reflect  .   (no cloak)
rCorr    .         Harm     .   t - +0 pair of gloves
MR       .....                  q - +2 pair of boots
Stlth    ..........             j - amulet of magic regeneration
HPRegen  0.25/turn              p - +6 ring of evasion
MPRegen  0.39/turn              A - ring of stealth

@: brilliant, heroism, hasted, very quick
A: no striking features
a: Heroism, Finesse, Renounce Religion, Convert to Beogh


You were on level 10 of the Dungeon.
You worshipped Okawaru.
Okawaru was extremely pleased with you.
You were near starving.

You visited 2 branches of the dungeon, and saw 11 of its levels.
You also visited: Sewer.

You collected 425 gold pieces.
You spent 45 gold pieces at shops.

Inventory:

Hand Weapons
 a - a +0 war axe (weapon)
 r - a +1 vorpal mace
Missiles
 C - 5 boomerangs (quivered)
 H - 6 atropa-tipped darts
Armour
 d - a +0 plate armour (worn)
 q - a +2 pair of boots (worn)
 t - a +0 pair of gloves (worn)
 u - a +0 large shield (worn)
Jewellery
 j - an amulet of magic regeneration (around neck)
 p - a +6 ring of evasion (left hand)
 A - a ring of stealth (right hand)
Wands
 k - a wand of acid (6)
 w - a wand of random effects (11)
 B - a wand of flame (13)
 E - a wand of iceblast (13)
Scrolls
 e - 9 scrolls of remove curse {unknown}
 g - 11 scrolls of identify
 i - 3 scrolls of amnesia {unknown}
 n - 7 scrolls of fog {unknown}
 s - a scroll of blinking {unknown}
 v - 3 scrolls of teleportation {unknown}
 x - 4 scrolls of enchant weapon {unknown}
 y - 2 scrolls of immolation {unknown}
 z - a scroll of vulnerability {unknown}
 F - a scroll of silence {unknown}
 G - a scroll of acquirement {unknown}
Potions
 b - a potion of brilliance
 l - 3 potions of curing
 m - a potion of resistance {unknown}
 o - 2 potions of degeneration
Miscellaneous
 D - a lamp of fire (inert)
Comestibles
 f - 14 rations


   Skills:
 + Level 7.7(12.7) Fighting
 + Level 11.8(16.8) Axes
 + Level 1.1(6.1) Throwing
 * Level 8.0(13.0) Armour
 + Level 1.5(6.5) Dodging
 + Level 0.3(5.3) Stealth
 * Level 11.4(16.4) Shields
 * Level 2.9 Invocations
 + Level 5.3 Evocations


You had 10 spell levels left.
You didn't know any spells.
Your spell library contained the following spells:

 Spells                   Type           Power        Failure   Level  Hunger
 Animate Skeleton         Necr           N/A          73%         1    ##.....
 Apportation              Tloc           #.....       73%         1    ##.....
 Corona                   Hex            #......      73%         1    ##.....
 Summon Small Mammal      Summ           #...         73%         1    ##.....


Dungeon Overview and Level Annotations

Branches:
Dungeon (10/15)            Temple (1/1) D:5            Lair (0/6) D:9
  Sewer (visited)
    Orc: D:9-12

Altars:
Ashenzari
Cheibriados
Dithmenos
Elyvilon
Fedhas
Gozag
Hepliaklqana
Kikubaaqudgha
Makhleb
Nemelex Xobeh
Okawaru
Qazlal
Ru
Sif Muna
Trog
Uskayaw
Vehumet
Wu Jian
Xom
Yredelemnul
Zin
The Shining One

Shops:
D:8 =!(:   D:9 (

Annotations:
D:8 exclusion: ice statue


Message History

The orc knight hits you from afar with a +0 halberd of venom.
* * * LOW HITPOINT WARNING * * *
You are more poisoned.
You're too confused to move!
* * * LOW HITPOINT WARNING * * *
You feel sick.
You feel better.
You feel less invigorated. You block the orc's attack.
The orc priest looks encouraged for a moment.
You block the orc knight's attack.
Evoke which item? (* to show all) (? for menu, Esc to quit)
Aim the lamp in which direction?
Press: ? - help, Dir - move target cursor, f - orc knight
Aim: an orc knight, wielding a +0 halberd of venom and wearing a +0 chain mail (lightly wounded, unusually strong)
The flames dance!
The trail of fire hits the orc knight!
The orc knight is lightly wounded.
You hit the orc warrior.
The orc warrior is moderately wounded.
You hit the orc. x2; The orc closely misses you.
The orc warrior hits you from afar with a +0 trident!!
You die...

############### #........'....#+#
########o###....#.#
.....ooo@#$#...[#.#
.§...o§oo#[##)###.#
..§.§§ooo#!#...)..#
...§.....+.#...).)#
#########################.#
.....).#....#...........#.#
....†.)))...'..)........'.# ≈≈..
.......#)...#...........#'###≈≈P.
########''''#############...#≈≈..


You could see 2 orc knights, 2 orc warriors, an orc priest and 5 orcs.

Vanquished Creatures
  Harold (D:8)
  2 two-headed ogres
  Pikel (D:8)
  Psyche (D:8)
  A troll (D:9)
  A hippogriff (D:9)
  5 yaks (D:9)
  4 wargs (D:10)
  2 porcupines (D:9)
  5 orc warriors
  3 ice beasts
  A sky beast (D:6)
  A phantom (D:4)
  3 ogres
  A necrophage (D:9)
  4 centaurs
  3 crocodiles (D:9)
  4 bullfrogs
  A water moccasin zombie (D:7)
  2 scorpions
  6 killer bees (D:7)
  3 wights (D:9)
  4 howler monkeys
  3 crimson imps
  A quasit (D:8)
  A bullfrog zombie (D:6)
  7 jellies
  9 orc priests
  3 hounds (D:7)
  6 orc wizards
  4 bullfrog skeletons
  4 iguanas (D:9)
  4 worker ants
  A hound zombie (D:6)
  A hound skeleton (D:5)
  A worker ant zombie (D:10)
  10 adders
  7 oozes
  An adder zombie (D:5)
  3 worms
  2 dart slugs
  7 leopard geckos
  45 orcs
  8 bats
  18 giant cockroaches
  3 goblins
  11 hobgoblins
  7 jackals
  12 kobolds
  3 quokkas
  4 ball pythons (Sewer)
  12 frilled lizards
  A jackal zombie (D:7)
  11 rats
269 creatures vanquished.

Vanquished Creatures (others)
  A slave (D:8)
  A fungus (D:9)
  A plant (D:9)
3 creatures vanquished.

Grand Total: 272 creatures vanquished

Notes
Turn   | Place    | Note
-------+----------+-------------------------------------------
     0 | D:1      | Error4North the Hill Orc Fighter began the quest for the
                  | Orb.
     0 | D:1      | Reached XP level 1. HP: 19/19 MP: 1/1
    89 | D:1      | Reached XP level 2. HP: 22/27 MP: 2/2
   303 | D:1      | Reached XP level 3. HP: 28/33 MP: 3/3
   501 | D:1      | Found a glowing golden altar of the Shining One.
  1018 | D:2      | Reached XP level 4. HP: 31/40 MP: 4/4
  2257 | D:3      | Reached XP level 5. HP: 33/46 MP: 5/5
  2292 | D:3      | Found a glowing drain.
  2315 | Sewer    | Entered a sewer
  2587 | Sewer    | Reached skill level 5 in Shields
  2597 | Sewer    | Reached skill level 5 in Axes
  2597 | Sewer    | Reached XP level 6. HP: 15/53 MP: 6/6
  3766 | D:4      | Noticed a phantom
  3800 | D:4      | Killed a phantom
  4028 | D:4      | Reached XP level 7. HP: 60/60 MP: 7/7
  4031 | D:4      | Reached skill level 1 in Evocations
  4038 | D:4      | Reached skill level 5 in Armour
  4410 | D:5      | Entered Level 5 of the Dungeon
  4522 | D:5      | Found a staircase to the Ecumenical Temple.
  4551 | Temple   | Entered the Ecumenical Temple
  4597 | Temple   | Became a worshipper of Warmaster Okawaru
  5109 | D:6      | Reached XP level 8. HP: 65/67 MP: 9/9
  5293 | D:6      | Reached * piety under Okawaru
  5293 | D:6      | Reached skill level 1 in Dodging
  5592 | D:6      | Found a stormy altar of Qazlal.
  5650 | D:6      | Reached skill level 5 in Fighting
  5827 | D:7      | Reached ** piety under Okawaru
  5863 | D:7      | Reached XP level 9. HP: 39/74 MP: 11/11
  7032 | D:8      | Reached *** piety under Okawaru
  7032 | D:8      | Noticed Psyche
  7075 | D:8      | Killed Psyche
  7075 | D:8      | Reached skill level 10 in Axes
  7306 | D:8      | Found Ohyo's Antique Weapon Boutique.
  7309 | D:8      | Noticed Pikel
  7328 | D:8      | Killed Pikel
  7328 | D:8      | Reached XP level 10. HP: 83/83 MP: 11/13
  7332 | D:8      | Found Yskumm's Distillery.
  7340 | D:8      | Bought a potion of curing for 45 gold pieces
  7393 | D:8      | Noticed an ice statue
  7577 | D:8      | Found Jisseq's Book Shoppe.
  7656 | D:8      | Noticed a two-headed ogre
  7679 | D:8      | Killed a two-headed ogre
  7679 | D:8      | Reached **** piety under Okawaru
  7842 | D:8      | Found Vaiczuem's Jewellery Boutique.
  8002 | D:8      | Noticed Harold
  8040 | D:8      | Killed Harold
  8040 | D:8      | Reached skill level 10 in Shields
  8100 | D:8      | Reached skill level 5 in Evocations
  8423 | D:9      | Found Ojaireic's Antique Weapon Boutique.
  8544 | D:9      | Reached ***** piety under Okawaru
  8649 | D:9      | Reached skill level 1 in Throwing
  8715 | D:9      | Found a staircase to the Lair.
  8729 | D:9      | Received a gift from Okawaru
  8740 | D:9      | Reached XP level 11. HP: 74/92 MP: 11/14
  8747 | D:9      | Reached skill level 1 in Invocations
  8875 | D:9      | Found a shimmering blue altar of Sif Muna.
  8960 | D:9      | Found a stormy altar of Qazlal.
  8960 | D:9      | Found an ornate altar of the Wu Jian Council.
  9066 | D:9      | Noticed a two-headed ogre
  9079 | D:9      | Killed a two-headed ogre
  9139 | D:10     | Entered Level 10 of the Dungeon
  9406 | D:10     | Noticed an orc knight
  9408 | D:10     | Noticed an orc knight
  9422 | D:10     | Slain by an orc warrior

Levels and vault maps discovered:
D:1:      dpeg_arrival_three_same_balls, layout_rooms, tso_metal_star
D:2:      layout_basic
D:3:      layout_loops_corners, first_ration, portal_sewer_entry_f
D:4:      layout_loops_cross
D:5:      layout_rooms, minmay_temple_entry_sparse_star
D:6:      layout_loops_ring, minmay_misc_feat_secret_circle,
          nicolae_qazlal_eye_of_the_storm
D:7:      layout_basic
D:8:      lemuel_ice_statue, layout_loops_ring, serial_shops, shop,
          shop_fountains, nicolae_shop_statue_plus, kennysheep_mini,
          hangedman_little_slice_of_home, uniq_harold, uniq_psyche, uniq_pikel
D:9:      layout_loops_ring, amethyst_overflow_temple_binary,
          minmay_lair_entry_grove, serial_shops, shop, led_sif_pool
D:10:     lemuel_castle_with_subvaults [lemuel_castle_interior_carwin_1],
          layout_irregular_city, hiddenorc1_lemuel, enter_bailey_2, minivault_4
Temple:   regret_index_temple_chain_breaker

Skill      XL: |  1  2  3  4  5  6  7  8  9 10 11 |
---------------+----------------------------------+-----
Axes           | 3 4 5 6 8 10 11 | 11.8
Shields        | 4 5 6 7 9 10 11 | 11.4
Fighting       | 4 5 6 7 |  7.7
Armour         | 4 5 6 7 8 |  8.0
Evocations     | 1 3 4 5 |  5.3
Dodging        | 1 |  1.5
Throwing       | 1 |  1.1
Invocations    | 2 |  2.9
Stealth        | |  0.3

Action                   |  1- 3 |  4- 6 |  7- 9 | 10-12 || total
-------------------------+-------+-------+-------+-------++-------
Melee: War axe           |   121 |   245 |   431 |   351 ||  1148
Throw: Boomerang         |       |       |       |    14 ||    14
Invok: Heroism           |       |       |     1 |     8 ||     9
Evoke: Lamp of fire      |       |       |       |     1 ||     1
  Use: Scroll            |       |       |     3 |       ||     3
       Potion            |       |       |     3 |     5 ||     8
  Eat: Chunk             |     1 |    10 |     4 |     6 ||    21
       Ration            |       |       |     2 |       ||     2
Armor: Scale mail        |    60 |   101 |       |       ||   161
       Chain mail        |       |    25 |    81 |       ||   106
       Plate armour      |       |       |    38 |    88 ||   126
Dodge: Dodged            |    35 |    77 |   117 |    87 ||   316
Block: Shield            |    73 |   118 |       |       ||   191
       Large shield      |       |    53 |   356 |   337 ||   746

Table legend:
 A = Non-vault XP
 B = Vault XP
 C = Vault XP percentage of total XP
 D = Non-vault monster count
 E = Vault monster count
 F = Vault count percentage of total count
                 A         B        C        D         E       F
            +---------+---------+-------+---------+---------+-------
      Total |    7406 |    5134 |  40.9 |     201 |      68 |  25.3
            +---------+---------+-------+---------+---------+-------
        D:1 |      53 |       0 |   0.0 |      28 |       0 |   0.0
        D:2 |      92 |       0 |   0.0 |      32 |       0 |   0.0
        D:3 |      51 |      11 |  17.7 |      15 |       4 |  21.1
        D:4 |     360 |       0 |   0.0 |      14 |       0 |   0.0
        D:5 |     402 |       0 |   0.0 |      13 |       0 |   0.0
        D:6 |     602 |       0 |   0.0 |      16 |       0 |   0.0
        D:7 |    1449 |       0 |   0.0 |      29 |       0 |   0.0
        D:8 |    1807 |    2262 |  55.6 |      26 |      11 |  29.7
        D:9 |    1986 |    1694 |  46.0 |      17 |      12 |  41.4
       D:10 |     604 |     944 |  61.0 |      11 |      22 |  66.7
      Sewer |       0 |     223 | 100.0 |       0 |      19 | 100.0
            +---------+---------+-------+---------+---------+-------
